 Dungeon Crawl Stone Soup version 0.22-a0-389-g8519d86 (webtiles) character file.

28 Kairos the Shield-Bearer (level 3, 19/19 HPs)
             Began as a Vine Stalker Fighter on Apr 30, 2018.
             Quit the game on level 1 of the Dungeon.
             The game lasted 00:00:48 (636 turns).

Kairos the Shield-Bearer (Vine Stalker Fighter)      Turns: 636, Time: 00:00:48

Health: 19/19      AC:  6    Str: 19    XL:     3   Next: 14%
Magic:  4/4        EV:  7    Int: 13    God:
Gold:   7          SH:  9    Dex: 13    Spells: 2/2 levels left

rFire    . . .     SeeInvis .   a - +0 war axe
rCold    . . .     Gourm    .   c - +0 shield
rNeg     . . .     Faith    .   b - +0 scale mail
rPois    .         Spirit   +   (no helmet)
rElec    .         Reflect  .   (no cloak)
rCorr    .         Harm     .   (no gloves)
MR       .....                  (no boots)
Stlth    ..........             (no amulet)
HPRegen  0.06/turn              i - ring of flight
MPRegen  0.09/turn              (no ring)

@: brilliant
A: fangs 2, magic shield, antimagic bite, no potion heal 3, rot immunity
a: Evoke Flight


You were on level 1 of the Dungeon.
You were not hungry.

You visited 1 branch of the dungeon, and saw 1 of its levels.

You collected 7 gold pieces.

Inventory:

Hand Weapons
 a - a +0 war axe (weapon)
Armour
 b - a +0 scale mail (worn)
 c - a +0 shield (worn)
Jewellery
 i - a ring of flight (left hand)
Potions
 d - a potion of might
Comestibles
 f - 4 rations


   Skills:
 + Level 2.8 Fighting
 + Level 2.1 Axes
 + Level 2.9 Armour
 + Level 3.0 Shields


You had 2 spell levels left.
You didn't know any spells.

Dungeon Overview and Level Annotations

Branches:
Dungeon (1/15)

Altars:


Innate Abilities, Weirdness & Mutations

You have extremely sharp teeth.
When hurt, damage is shared between your health and your magic reserves.
Your bite disrupts and absorbs the magic of your enemies.
Potions cannot restore your health.
You are immune to rotting.


Message History

No target in view!
Done exploring.
No target in view!
Done exploring.
No target in view!
Done exploring.
No target in view!
No target in view!
Done exploring.
Are you sure you want to abandon this character and quit the game? (Confirm with "yes".)
Okay, then.
Unknown command.
It was a potion of heal wounds.
That seemed strangely inert.
It was a potion of brilliance.
You feel clever all of a sudden.
Okay, then.
As you read the scroll labeled DUGGOY EHOG, it crumbles to dust.
It is a scroll of identify.
You don't have any unidentified items.
Are you sure you want to abandon this character and quit the game? (Confirm with "yes".)

.# #.# #...##.# #........ .## #.#
#.####.# ##.#####.#
..#####.######(####.####........#
#.#.......(.(.............#######
#...###..##....####.......#######
###...).....(..# ######.[..)....
#...###รทรท##...### #.########
#.#.............########.#
..#.####.###.#.#@........#
.##.####.# #.##.##########
.........# #.#### ###.########.#
#..........# ############


There were no monsters in sight!

Vanquished Creatures
  2 giant cockroaches (D:1)
  2 goblins (D:1)
  2 hobgoblins (D:1)
  7 jackals (D:1)
  4 kobolds (D:1)
  5 bats (D:1)
  A frilled lizard (D:1)
  A rat (D:1)
24 creatures vanquished.

Notes
Turn   | Place    | Note
-------+----------+-------------------------------------------
     0 | D:1      | Kairos the Vine Stalker Fighter began the quest for the Orb.
     0 | D:1      | Reached XP level 1. HP: 11/11 MP: 2/2
   171 | D:1      | Reached XP level 2. HP: 15/16 MP: 1/3
   410 | D:1      | Reached XP level 3. HP: 19/19 MP: 4/4
   533 | D:1      | Reached skill level 3 in Shields
   636 | D:1      | Quit the game

Vault maps used:
D:1:      dpeg_arrival_rooms_c

Skill      XL: |  1  2  3 |
---------------+----------+-----
Axes           | 2 |  2.1
Shields        | 3 |  3.0
Fighting       | |  2.8
Armour         | |  2.9

Action                   || total
-------------------------++-------
Melee: War axe           ||    55
       Bite              ||     9
  Use: Potion            ||     2
       Scroll            ||     1
Armor: Scale mail        ||    37
Dodge: Dodged            ||    21
Block: Shield            ||    40

Table legend:
 A = Spawn XP
 B = Non-spawn XP
 C = Spawn XP percentage of total XP
 D = Spawn monster count
 E = Non-spawn monster count
 F = Spawn count percentage of total count
 G = Total turns spent on level
                    A         B        C        D         E        F      G
               +---------+---------+-------+---------+---------+-------+---------
         Total |       0 |      41 |   0.0 |       0 |      24 |   0.0 |   636
               +---------+---------+-------+---------+---------+-------+---------
           D:1 |       0 |      41 |   0.0 |       0 |      24 |   0.0 |   636
               +---------+---------+-------+---------+---------+-------+---------
